 Dungeon Crawl Stone Soup version 0.31-a0-702-gf82c85558f (webtiles) character file.

Game seed: 1926834018714817391

88 javelincjr the Ruffian (level 4, -2/36 HPs)
             Began as a Demigod Shapeshifter on Sept 8, 2023.
             Slain by a gnoll
             ... wielding a +0 club
             ... led by a gnoll bouda
              (5 damage)
             ... on level 4 of the Dungeon.
             The game lasted 00:07:14 (2490 turns).

javelincjr the Ruffian (Demigod Shapeshifter)       Turns: 2490, Time: 00:07:15

Health: -2/36      AC:  2    Str: 19    XL:     4   Next: 9%
Magic:  6/6        EV: 12    Int: 12    God:
Gold:   194        SH:  0    Dex: 13    Spells: 3/3 levels left

rFire   . .          .
                       - Unarmed
rCold   . . .        (no shield)
rNeg    . . .        a - +0 animal skin
rPois   +            (helmet currently unavailable)
rElec   .            (cloak currently unavailable)
rCorr   .            (gloves currently unavailable)
SInv    .            (boots currently unavailable)
Will    .....        (no amulet)
Stlth   +            j - ring of poison resistance
HPRegen 0.26/turn    o - ring of willpower
MPRegen 0.10/turn

%: no passive effects
@: beast-form, weak-willed
A: beast (slay +1), high MP 1, forlorn, divine attributes
a: Begin Untransformation


You were on level 4 of the Dungeon.
You were a hulking beast.
You visited 1 branch of the dungeon, and saw 4 of its levels.

You collected 194 gold pieces.

Inventory:

Missiles
 f - 2 javelins
 n - 19 poisoned darts
Armour
 a - a +0 animal skin (worn)
 e - a +0 chain mail
 l - a +0 helmet
 t - a +2 ring mail of poison resistance
Jewellery
 j - a ring of poison resistance (left hand)
 o - a ring of willpower (right hand)
 s - a +6 ring of intelligence
Talismans
 c - a beast talisman (active)
 d - a flux talisman
Scrolls
 h - 6 scrolls of identify {unknown}
 k - a scroll of enchant weapon {unknown}
 r - a scroll of revelation {unknown}
Potions
 b - 3 potions of lignification
 g - 2 potions of heal wounds {unknown}
 m - a potion of ambrosia {unknown}
 p - 2 potions of enlightenment {unknown}
 q - a potion of might {unknown}


   Skills:
 + Level 1.9 Fighting
 + Level 2.6 Dodging
 + Level 3.2 Unarmed Combat
 * Level 3.2 Shapeshifting


You had 3 spell levels left.
You didn't know any spells.
Your spell library contained the following spells:

 Spells                   Type           Power      Damage    Failure   Level
 Inner Flame              Hex/Fire       0%         N/A       69%         3
 Flame Wave               Conj/Fire      0%         2d4       97%         4
 Sticky Flame             Conj/Fire      0%         2d3       97%         4


Dungeon Overview and Level Annotations

Branches:
Dungeon (4/15)
 Temple: D:4-7


Innate Abilities, Weirdness & Mutations

You are a hulking beast.
Your limbs bulge with bestial killing power. (Slay +1)
You have an increased reservoir of magic. (+10% MP)
You shall have no god before yourself.
Your divine heritage dramatically boosts your attributes as you level up.


Message History

You hear a shout! x2
You hit the gnoll.
The gnoll is moderately wounded.
The gnoll closely misses you.
A gnoll comes into view. It is wielding a +0 whip.
The gnoll bouda barks out a call to the hunt!
The gnolls pick up the pace!
You punch the gnoll!
The gnoll is severely wounded.
A gnoll comes into view. It is wielding a +0 flail.
The gnoll closely misses you.
You hit the gnoll but do no damage.
The gnoll is severely wounded.
You hit the gnoll bouda but do no damage.
The gnoll hits you with a +0 halberd!
A gnoll comes into view. It is wielding a +0 whip.
The gnoll bouda barely misses you.
You barely miss the gnoll.
The gnoll is severely wounded.
The gnoll completely misses you.
The gnoll bouda gazes fiercely through you!
You feel your attacks grow feeble. The gnoll bouda misses you.
The gnoll barely misses you.
The gnoll bouda attacks as it pursues you!
The gnoll bouda barely misses you.
You closely miss the gnoll.
The gnoll is severely wounded.
The gnoll bouda closely misses you. The gnoll hits you but does no damage.
The gnoll hits you from afar with a +0 halberd!
* * * LOW HITPOINT WARNING * * *
The gnoll hits you with a +0 whip.
* * * LOW HITPOINT WARNING * * *
The gnoll misses you.
As you read the scroll labelled ICAHYV ZENTI, it crumbles to dust.
Magic quickly surges around you.
It was a scroll of vulnerability.
Your attacks no longer feel as feeble.
The gnoll misses you. The gnoll hits you with a +0 club.
You die...

g......"##....#
#..g##...#
#.......#
.##.......#
.....####..###
...#... #g...#
..###..###ggg## .
.......#g.##
<.......hg#
...#.....#
###...# ###...##
.... ###......#
..... #.#......#
..... ##.#..[..##
#...# #......###
##....##..#...###


You could see a gnoll bouda (weak-willed) and 5 gnolls.

Vanquished Creatures
  2 adders (D:3)
  A dart slug (D:2)
  6 orcs (D:3)
  7 ball pythons
  5 endoplasms
  5 giant cockroaches
  A goblin (D:4)
  4 hobgoblins
  2 jackals (D:2)
  3 quokkas
  7 bats
  4 frilled lizards
  7 kobolds
  5 rats
59 creatures vanquished.

Notes
Turn   | Place    | Note
-------+----------+-------------------------------------------
     0 | D:1      | javelincjr the Demigod Shapeshifter began the quest for the
                  | Orb.
     0 | D:1      | Reached XP level 1. HP: 15/15 MP: 3/3
    90 | D:1      | Reached skill level 1 in Fighting
   200 | D:1      | Reached XP level 2. HP: 19/23 MP: 4/4
  1193 | D:2      | Reached XP level 3. HP: 28/28 MP: 5/5
  2149 | D:3      | Reached XP level 4. HP: 16/36 MP: 6/6
  2490 | D:4      | Slain by a gnoll

Illustrated notes

Levels and vault maps discovered:
D:1:      eino_arrival_cavern_a, layout_basic,
          chequers_ecumenical_altar_simple_redux
D:2:      layout_basic, grunt_decor_fettered, hex_medium, serial_bayou_lagoon_a
D:3:      layout_loops_cross, serial_bayou_pond_d
D:4:      minmay_inner_zag, layout_cave_pools, temple_green, minivault_24,
          minmay_shop_damaged

Skill      XL: |  1  2 |
---------------+-------+-----
Fighting       | 1 |  1.9
Dodging        | 2 |  2.6
Unarmed Combat | 3 |  3.2
Shapeshifting  | 3 |  3.2

Action                     |  1- 3 |  4- 6 || total
---------------------------+-------+-------++-------
  Melee: Unarmed           |   177 |    14 ||   191
         Punch             |     4 |       ||     4
    Use: Scroll            |       |     1 ||     1
   Stab: Sleeping          |     1 |       ||     1
 Armour: Chain mail        |    89 |       ||    89
         Animal skin       |    30 |     8 ||    38
  Dodge: Dodged            |    76 |    15 ||    91

Table legend: (Time is in decaauts)
 A = Elapsed time spent in this place.
 B = Non-inter-level travel time spent in this place.
 C = Inter-level travel time spent in this place.
 D = Time resting spent in this place.
 E = Time spent auto-exploring this place.
 F = Levels seen in this place.
 G = Mean time per level.
                   A        B        C        D        E       F      G
               +--------+--------+--------+--------+--------+-----+--------+
         Total |   2485 |   2412 |     73 |     59 |   1880 |   4 |  621.2 |
       Dungeon |   2485 |   2412 |     73 |     59 |   1880 |   4 |  621.2 |
               +--------+--------+--------+--------+--------+-----+--------+

Top non-repeatable levels by time:
     D:1: 955 daAuts
     D:3: 949 daAuts
     D:2: 504 daAuts
     D:4: 75 daAuts
